 Dungeon Crawl Stone Soup version 0.25-a0-589-g1e14c549ee (webtiles) character file.

Game seed: 2166263871252775138, levelgen mode: deterministic

35333 vurker the Stormcaller (level 13, -4/80 HPs)
             Began as a Tengu Air Elementalist on Mar 10, 2020.
             Was a High Priest of Vehumet.
             Slain by an elephant (12 damage)
             ... on level 6 of the Lair of Beasts.
             The game lasted 00:33:18 (27054 turns).

vurker the Stormcaller (Tengu Air Elementalist)    Turns: 27054, Time: 00:33:18

Health: -4/80      AC:  7    Str:  9    XL:     13   Next: 83%
Magic:  24/29      EV: 15    Int: 19    God:    Vehumet [*****.]
Gold:   981        SH:  0    Dex: 19    Spells: 25/35 levels left

rFire    + . .     SeeInvis .   s - +2 mace (vorpal)
rCold    . . .     Gourm    .   (no shield)
rNeg     + . .     Faith    .   g - +2 leather armour {rN+}
rPois    .         Spirit   .   i - +1 hat
rElec    .         Reflect  .   K - scarf {repulsion}
rCorr    .         Harm     .   t - +0 pair of gloves
MR       .....                  (boots unavailable)
Stlth    ++........             n - amulet of magic regeneration
HPRegen  0.23/turn              m - ring of protection from fire
MPRegen  0.46/turn              E - +3 ring of dexterity

@: lethally poisoned (-4 -> -22), flying quickly and evasively, repel missiles,
quick
A: beak, talons 3, able to fly
a: Stop Flying, Renounce Religion


You were on level 6 of the Lair of Beasts.
You worshipped Vehumet.
Vehumet was extremely pleased with you.
You were hungry.

You visited 3 branches of the dungeon, and saw 19 of its levels.
You also visited: Ossuary.

You collected 1101 gold pieces.
You spent 120 gold pieces at shops.

Inventory:

Hand Weapons
 s - a +2 vorpal mace (weapon)
   (You found it on level 1 of the Dungeon)
Armour
 g - a +2 leather armour of positive energy (worn)
   (You found it on level 8 of the Dungeon)
 i - a +1 hat (worn)
   (You found it on level 1 of the Dungeon)
 l - a +1 leather armour of fire resistance
   (You found it on level 2 of the Dungeon)
 t - a +0 pair of gloves (worn)
   (You found it on level 1 of the Lair of Beasts)
 K - a scarf of repulsion (worn)
   (You found it on level 3 of the Lair of Beasts)
Jewellery
 k - an uncursed ring of wizardry
   (You found it on level 4 of the Dungeon)
 m - a ring of protection from fire (left hand)
   (You found it on level 2 of the Dungeon)
 n - an amulet of magic regeneration (around neck)
   (You found it on level 1 of the Lair of Beasts)
 E - a +3 ring of dexterity (right hand)
   (You found it on level 6 of the Dungeon)
Wands
 d - a wand of iceblast (11)
   (You found it on level 4 of the Lair of Beasts)
 u - a wand of paralysis (36)
   (You found it on level 6 of the Dungeon)
 v - a wand of digging (19)
   (You took it off Ijyb on level 2 of the Dungeon)
 x - a wand of acid (11)
   (You found it on level 1 of the Lair of Beasts)
 A - a wand of clouds (4)
   (You took it off Sonja on level 1 of the Lair of Beasts)
Scrolls
 h - 3 scrolls of noise {unknown}
 j - 7 scrolls of teleportation
 p - 10 scrolls of remove curse
 r - 4 scrolls of fear {unknown}
 w - 4 scrolls of immolation
 y - 2 scrolls of amnesia {unknown}
 B - 5 scrolls of enchant armour
 C - 3 scrolls of enchant weapon {unknown}
 D - 4 scrolls of fog
 I - a scroll of blinking {unknown}
 J - a scroll of silence {unknown}
 L - 2 scrolls of magic mapping {unknown}
Potions
 a - 3 potions of lignification
 b - 7 potions of heal wounds
 c - 2 potions of magic
 f - 3 potions of brilliance
 o - 2 potions of haste
 q - 4 potions of curing
 z - a potion of mutation
 G - 3 potions of resistance {unknown}
 H - a potion of cancellation {unknown}
Miscellaneous
 F - a box of beasts
Comestibles
 e - 10 rations


   Skills:
 + Level 9.1 Fighting
 + Level 2.1 Dodging
 - Level 2.0 Stealth
 * Level 11.7 Spellcasting
 * Level 15.2 Conjurations
 * Level 15.9 Air Magic


You had 25 spell levels left.
You knew the following spells:

 Your Spells              Type           Power        Failure   Level  Hunger
a - Shock                 Conj/Air       ####         0%          1    None
b - Lightning Bolt        Conj/Air       ######....   1%          5    ####...
c - Airstrike             Air            ######....   1%          4    ##.....

Your spell library contained the following spells:

 Spells                   Type           Power        Failure   Level  Hunger
 Olgreb's Toxic Radiance  Pois           ##......     22%         4    ##.....
 Swiftness                Chrm/Air       #####...     1%          2    None
 Static Discharge         Conj/Air       ######..     1%          3    None
 Confusing Touch          Hex            ##......     26%         3    None
 Gell's Gravitas          Tloc           ##........   26%         3    None
 Yara's Violent Unravell  Hex/Tmut       ##........   50%         5    ####...
 Petrify                  Tmut/Erth      ##......     65%         4    ##.....
 Metabolic Englaciation   Hex/Ice        ##........   94%         5    ####...


Dungeon Overview and Level Annotations

Branches:
Dungeon (12/15)            Temple (1/1) D:5            Lair (6/6) D:9
  Swamp (0/4) Lair:3        Snake (0/4) Lair:4        Slime (0/5) Lair:5
Ossuary (visited)
    Orc: D:9-12

Altars:
Ashenzari
Cheibriados
Dithmenos
Elyvilon
Fedhas
Gozag
Hepliaklqana
Kikubaaqudgha
Makhleb
Nemelex Xobeh
Okawaru
Qazlal
Ru
Sif Muna
Trog
Uskayaw
Vehumet
Wu Jian
Xom
Yredelemnul
Zin
The Shining One

Shops:
D:4 *


Innate Abilities, Weirdness & Mutations

You have a beak for a mouth.
You have claws for feet.
You can fly continuously.


Message History

The spiny frog stings you. The spiny frog closely misses you.
You fly upwards.
There is a stone staircase leading down here.
Aim: a spiny frog The air twists around and strikes the spiny frog!
The spiny frog barely misses you.
Aim: a spiny frog (moderately wounded)
The air twists around and strikes the spiny frog!
The spiny frog completely misses you.
Aim: a spiny frog (severely wounded)
The air twists around and strikes the spiny frog!
You kill the spiny frog!
Vehumet accepts your kill.
You feel your power returning.
You start resting.
You start resting.
You fly downwards.
The spiny frog stings you.
You are poisoned.
The spiny frog poisons you! The elephant misses you.
The elephant trunk-slaps you. The spiny frog stings you!
You are more poisoned.
The spiny frog poisons you! The elephant tramples you!
You are shoved backwards!
Aim: a spiny frog The air twists around and strikes the spiny frog!
You feel very sick.
The spiny frog stings you but does no damage.
The elephant tramples you!
* * * LOW HITPOINT WARNING * * *
You hold your ground!
The elephant barely misses you.
You can't go up here!
Okay, then.
You feel sick.
* * * LOW HITPOINT WARNING * * *
You feel very sick. The spiny frog stings you!!
* * * LOW HITPOINT WARNING * * *
You are more poisoned.
The spiny frog poisons you!
You feel better. The spiny frog barely misses you.
Aim: a spiny frog (moderately wounded)
The air twists around and strikes the spiny frog!
The elephant tramples you.
* * * LOW HITPOINT WARNING * * *
You are shoved backwards!
The spiny frog stings you!
* * * LOW HITPOINT WARNING * * *
You are lethally poisoned!
The spiny frog poisons you! The elephant tramples you!
You die...

##..#...P.P.#
..#.#.##.)..#.#
#.##..##..#.#.#
#..##.....P..##
.........<..#.#
#.....P..P####
##P......###
.......#F##
...[...@Y.#
P###...#.##
#..#### ###


You could see an elephant and a spiny frog.

Vanquished Creatures
  Harold (D:7)
  4 hydras
  Erica (D:11)
  2 two-headed ogres
  A queen ant (Lair:3)
  A tengu warrior (D:10)
  Sonja (Lair:1)
  An unseen horror (D:10)
  A wizard (D:11)
  3 oklob plants (Lair:5)
  6 elephants (Lair:3)
  2 black mambas (Lair:4)
  A gargoyle (D:11)
  4 spiny frogs
  2 rime drakes
  3 komodo dragons
  A tengu conjurer (D:10)
  2 trolls (D:10)
  A hornet (D:9)
  17 blink frogs
  2 slime creatures (Lair:5)
  4 hippogriffs
  6 wyverns
  10 yaks
  A steam dragon (Lair:4)
  Grum (D:11)
  2 basilisks
  3 hungry ghosts
  Menkaure (D:6)
  2 wargs (D:9)
  12 soldier ants (Lair:3)
  14 water moccasins
  12 porcupines
  An orc warrior (D:9)
  2 ice beasts
  3 sky beasts
  A necrophage (D:10)
  3 phantoms
  3 ogres
  5 centaurs
  9 wolves
  14 crocodiles
  2 big kobolds
  9 bullfrogs
  A gnoll sergeant (D:5)
  A wyvern skeleton (D:11)
  2 scorpions
  4 wights (D:11)
  13 killer bees
  2 electric eels
  4 howler monkeys
  4 crimson imps
  A quasit (D:9)
  A centaur zombie (Ossuary)
  6 jellies
  5 orc wizards
  2 bullfrog skeletons (D:7)
  7 orc priests
  3 centaur skeletons
  4 hounds
  A gnoll shaman (D:4)
  Jessica (D:3)
  Ijyb (D:2)
  3 iguanas
  45 worker ants
  A killer bee zombie (D:8)
  2 big kobold zombies (Ossuary)
  4 mummies (Ossuary)
  2 hound zombies
  A howler monkey zombie (D:11)
  A worker ant zombie (D:6)
  11 gnolls
  16 adders
  4 shadow imps
  2 oozes (D:4)
  3 adder skeletons
  A worm (D:4)
  2 dart slugs
  3 leopard geckos
  22 orcs
  10 giant cockroaches
  A gnoll zombie (Ossuary)
  10 hobgoblins
  13 jackals
  5 quokkas
  2 ball pythons (D:2)
  11 bats
  6 frilled lizards
  7 goblins
  2 goblin zombies (Ossuary)
  A jackal skeleton (D:4)
  15 kobolds
  2 leopard gecko skeletons
  2 orc zombies (Ossuary)
  2 quokka skeletons
  2 quokka zombies (D:7)
  9 rats
463 creatures vanquished.

Vanquished Creatures (others)
  A fungus (Lair:2)
  6 plants
7 creatures vanquished.

Grand Total: 470 creatures vanquished

Notes
Turn   | Place    | Note
-------+----------+-------------------------------------------
     0 | D:1      | vurker the Tengu Air Elementalist began the quest for the
                  | Orb.
     0 | D:1      | Reached XP level 1. HP: 10/10 MP: 4/4
   199 | D:1      | Reached XP level 2. HP: 16/16 MP: 3/6
   894 | D:1      | Reached skill level 1 in Fighting
   938 | D:1      | Reached XP level 3. HP: 20/20 MP: 5/7
  1640 | D:2      | Reached XP level 4. HP: 21/25 MP: 6/9
  1964 | D:2      | Found Zin's Purification Station.
  1967 | D:2      | Found a glowing silver altar of Zin.
  2231 | D:2      | Found a burning altar of Makhleb.
  2682 | D:2      | Bought a potion of curing for 90 gold pieces
  2707 | D:3      | Reached skill level 5 in Air Magic
  2792 | D:3      | Noticed Ijyb
  2872 | D:2      | Killed Ijyb
  2872 | D:2      | Gained mutation: You can fly continuously. [Tengu growth]
  2872 | D:2      | Reached XP level 5. HP: 12/30 MP: 0/10
  3050 | D:2      | Learned a level 5 spell: Lightning Bolt
  3055 | D:2      | Learned a level 4 spell: Airstrike
  3351 | D:3      | Noticed Jessica
  3361 | D:3      | Killed Jessica
  3633 | D:3      | Found a basalt altar of Yredelemnul.
  3715 | D:3      | Reached XP level 6. HP: 35/35 MP: 3/12
  4267 | D:4      | Found Xefigoci's General Store.
  4276 | D:4      | Bought a scroll of remove curse for 30 gold pieces
  4420 | D:4      | Reached XP level 7. HP: 31/40 MP: 0/14
  4792 | D:5      | Entered Level 5 of the Dungeon
  5251 | D:5      | Found a staircase to the Ecumenical Temple.
  5263 | Temple   | Entered the Ecumenical Temple
  5310 | Temple   | Became a worshipper of Vehumet
  5732 | D:5      | Found a stormy altar of Qazlal.
  5895 | D:5      | Reached skill level 5 in Conjurations
  5895 | D:5      | Reached XP level 8. HP: 46/46 MP: 7/16
  6189 | D:5      | Found a shimmering altar of Xom.
  6246 | D:6      | Found the +8 longbow "Zephyr" {speed, Dex+3 SInv}
  6251 | D:6      | Reached skill level 5 in Spellcasting
  6398 | D:6      | Found a sacrificial altar of Ru.
  6403 | D:6      | Found a blossoming altar of Fedhas.
  6424 | D:6      | Found a shattered altar of Ashenzari.
  6549 | D:6      | Noticed Menkaure
  6551 | D:6      | Killed Menkaure
  6964 | D:6      | Found a sand-covered staircase.
  6976 | Ossuary  | Entered an ossuary
  8416 | D:7      | Found a shimmering altar of Xom.
  8416 | D:7      | Found a shimmering altar of Xom.
  8417 | D:7      | Found a shimmering altar of Xom.
  8417 | D:7      | Found a shimmering altar of Xom.
  8418 | D:7      | Found a shimmering altar of Xom.
  8421 | D:7      | Noticed Harold
  8461 | D:6      | Reached XP level 9. HP: 15/52 MP: 1/18
  8740 | D:7      | Reached * piety under Vehumet
  8740 | D:7      | Offered knowledge of Freeze by Vehumet.
  9480 | D:7      | Noticed a fire crab
  9498 | D:7      | Noticed a lindwurm
  9498 | D:7      | a fire crab changed into a lindwurm
  9510 | D:7      | Noticed a cyclops
  9510 | D:7      | a lindwurm changed into a cyclops
  9512 | D:7      | Noticed a jumping spider
  9512 | D:7      | a cyclops changed into a jumping spider
  9518 | D:7      | Noticed a swamp dragon
  9518 | D:7      | a jumping spider changed into a swamp dragon
  9525 | D:7      | Noticed a two-headed ogre
  9525 | D:7      | a swamp dragon changed into a two-headed ogre
  9532 | D:7      | a two-headed ogre changed into a swamp worm
 10297 | D:8      | Reached ** piety under Vehumet
 10297 | D:8      | Offered knowledge of Foxfire by Vehumet.
 10539 | D:8      | Reached skill level 10 in Air Magic
 10860 | D:8      | Found an ancient bone altar of Kikubaaqudgha.
 10913 | D:8      | Reached skill level 5 in Fighting
 11555 | D:9      | Noticed a centaur warrior
 11572 | D:9      | Noticed a two-headed ogre
 11573 | D:9      | Noticed a centaur warrior
 11573 | D:9      | Noticed a catoblepas
 11581 | D:9      | Noticed a hornet
 11585 | D:9      | Killed a hornet
 11585 | D:9      | Offered knowledge of Dazzling Flash by Vehumet.
 11585 | D:9      | Reached XP level 10. HP: 37/59 MP: 9/21
 11625 | D:9      | Noticed a manticore
 12049 | D:9      | Noticed a two-headed ogre
 12054 | D:9      | Killed a two-headed ogre
 12338 | D:9      | Reached skill level 10 in Conjurations
 12495 | D:9      | Found a staircase to the Lair.
 12541 | D:9      | Noticed a salamander
 12746 | D:9      | Reached *** piety under Vehumet
 13079 | D:10     | Entered Level 10 of the Dungeon
 13096 | D:10     | Noticed a tengu warrior
 13107 | D:10     | Killed a tengu warrior
 13618 | D:10     | Reached XP level 11. HP: 64/64 MP: 12/24
 13988 | D:10     | Offered knowledge of Mephitic Cloud by Vehumet.
 13999 | D:10     | Killed an unseen horror
 14998 | D:11     | Noticed Grum
 15001 | D:11     | Killed Grum
 15234 | D:11     | Noticed a two-headed ogre
 15238 | D:11     | Killed a two-headed ogre
 15239 | D:11     | Noticed a wizard
 15243 | D:11     | Killed a wizard
 15243 | D:11     | Reached **** piety under Vehumet
 15643 | D:11     | Offered knowledge of Sticky Flame by Vehumet.
 15959 | D:11     | Noticed Erica
 15965 | D:11     | Killed Erica
 16358 | D:7      | Noticed a lindwurm
 16361 | D:7      | Noticed a manticore
 16361 | D:7      | a lindwurm changed into a manticore
 16370 | D:7      | a manticore changed into a dream sheep
 16487 | D:7      | Noticed a deep troll
 16487 | D:7      | an elephant changed into a deep troll
 16492 | D:7      | Noticed a sea snake
 16539 | D:7      | Found a snail-covered altar of Cheibriados.
 16706 | D:7      | Noticed an entropy weaver
 17003 | D:7      | Found a shimmering altar of Xom.
 17003 | D:7      | Found a shimmering altar of Xom.
 17006 | D:7      | Found a shimmering altar of Xom.
 17007 | D:7      | Found a shimmering altar of Xom.
 17007 | D:7      | Noticed a two-headed ogre
 17007 | D:7      | a two-headed ogre changed into a torpor snail
 17007 | D:7      | Noticed a shock serpent
 17096 | D:7      | Found a snail-covered altar of Cheibriados.
 17171 | D:7      | Noticed a deep troll
 17185 | D:7      | Noticed a moth of wrath
 17199 | D:7      | Killed Harold
 17199 | D:7      | Reached XP level 12. HP: 41/72 MP: 2/26
 17455 | D:7      | Found a shimmering altar of Xom.
 17670 | Lair:1   | Entered Level 1 of the Lair of Beasts
 18372 | Lair:1   | Noticed Sonja
 18374 | Lair:1   | Killed Sonja
 18374 | Lair:1   | Reached skill level 10 in Spellcasting
 19807 | Lair:2   | Got a shimmering hunting sling
 19808 | Lair:2   | Identified the +2 hunting sling of the Eleven Moons
                  | {vorpal, +Inv rPois Str+4 Dex+3} (You found it on level 2
                  | of the Lair of Beasts)
 20655 | Lair:2   | Noticed an eight-headed hydra
 20669 | Lair:2   | Killed an eight-headed hydra
 21635 | Lair:3   | Found a staircase to the Swamp.
 22077 | Lair:3   | Reached XP level 13. HP: 74/78 MP: 4/28
 22504 | Lair:3   | Reached skill level 15 in Air Magic
 22605 | Lair:3   | Reached ***** piety under Vehumet
 22626 | Lair:3   | Offered knowledge of Olgreb's Toxic Radiance by Vehumet.
 24361 | Lair:4   | Found a staircase to the Snake Pit.
 25888 | Lair:5   | HP: 4/80 [slime creature (18)]
 25944 | Lair:5   | Reached skill level 15 in Conjurations
 26416 | Lair:5   | Found a staircase to the Slime Pits.
 26950 | Lair:6   | Entered Level 6 of the Lair of Beasts
 27054 | Lair:6   | Slain by an elephant

Levels and vault maps discovered:
D:1:      psy_arrival_radial01, layout_basic
D:2:      layout_loops_cross, bloody_makhleb, zin_purify, corexii_hall_statues_x
D:3:      layout_rooms, lemuel_coloured_pillars_altar, first_ration,
          feat_on_display, uniq_ijyb, uniq_jessica
D:4:      layout_rooms, serial_shops, shop, lemuel_old_faithful
D:5:      layout_basic, grunt_qazlal_sundering, minmay_temple_entry_large_hall,
          basic_altar
D:6:      layout_cave_pools, overflow_temple_1_default, minitemple,
          nicolae_ossuary_entry_ruins, minivault_22, uniq_menkaure
D:7:      layout_layer_cave, xom_shifter_show, cheibriados_altar_1, uniq_harold
D:8:      layout_loops_ring, kiku_gazebo_garden_becter, minmay_crystal_water
D:9:      layout_basic, erik_lair_orcish_takeover, minivault_12
D:10:     layout_gridville
D:11:     layout_rooms, uniq_erica, uniq_grum
D:12:     layout_rooms, kennysheep_orc_monster_closet_entryway, serial_shops,
          shop, minmay_strange_pillars, hangedman_fish_farm
Temple:   nicolae_temple_hex_pool
Lair:1:   layout_layer_cave, gauntlet_entry_generic, grunt_megastairs_3,
          uniq_sonja
Lair:2:   layout_loops_ring, serial_bayou_shore_b
Lair:3:   layout_roguey, swamp_mist_pool, zaba_anthell, grunt_megastairs_5
Lair:4:   layout_small_grid, minmay_snake_entry_six_corridors
Lair:5:   layout_layer_cave, minmay_slime_entry_pillars,
          grunt_forest_small_clearings, infiniplex_staircase_pool,
          minmay_lair_oklob_chamber
Lair:6:   gammafunk_lair_ancient_temple, layout_loops_ring,
          chequers_serial_rivers_micro_c

Skill      XL: |  1  2  3  4  5  6  7  8  9 10 11 12 13 |
---------------+----------------------------------------+-----
Fighting       | 1 2 3 4 5 6 7 8 9 |  9.1
Conjurations   | 2 3 5 7 9 10 12 13 15 | 15.2
Air Magic      | 5 6 7 8 10 12 13 14 15 | 15.9
Spellcasting   | 3 4 5 7 8 9 10 11 | 11.7
Dodging        | |  2.1
Stealth        | |  2.0

Action                   |  1- 3 |  4- 6 |  7- 9 | 10-12 | 13-15 || total
-------------------------+-------+-------+-------+-------+-------++-------
Melee: Unarmed           |    16 |       |       |       |       ||    16
       Peck              |     3 |     3 |    10 |     3 |     5 ||    24
       Kick              |     3 |     3 |    17 |    11 |     2 ||    36
       Mace              |       |    25 |    70 |    37 |    12 ||   144
 Cast: Shock             |    66 |   147 |   171 |   102 |    50 ||   536
       Airstrike         |       |       |    89 |   254 |   225 ||   568
       Lightning Bolt    |       |       |       |    10 |     4 ||    14
 Abil: Fly               |       |     1 |       |       |       ||     1
Evoke: Wand              |       |       |     1 |     6 |       ||     7
  Use: Scroll            |       |       |    10 |     3 |     3 ||    16
       Potion            |       |       |       |       |     1 ||     1
 Stab: Sleeping          |     1 |       |     1 |       |       ||     2
       Paralysed         |       |       |       |     2 |       ||     2
  Eat: Chunk             |     3 |     9 |    22 |    32 |    16 ||    82
       Ration            |       |       |     3 |     6 |     2 ||    11
Armor: Robe              |     7 |     1 |       |       |       ||     8
       Leather armour    |       |    14 |    23 |    23 |    20 ||    80
Dodge: Dodged            |    17 |    53 |    96 |   123 |    35 ||   324

Table legend:
 A = Non-vault XP
 B = Vault XP
 C = Vault XP percentage of total XP
 D = Non-vault monster count
 E = Vault monster count
 F = Vault count percentage of total count
                 A         B        C        D         E       F
            +---------+---------+-------+---------+---------+-------
      Total |   36905 |   13572 |  26.9 |     367 |      96 |  20.7
            +---------+---------+-------+---------+---------+-------
        D:1 |      38 |       0 |   0.0 |      22 |       0 |   0.0
        D:2 |     121 |      36 |  22.9 |      36 |       1 |   2.7
        D:3 |     116 |      37 |  24.2 |      18 |       1 |   5.3
        D:4 |     303 |       0 |   0.0 |      28 |       0 |   0.0
        D:5 |     595 |       0 |   0.0 |      20 |       0 |   0.0
        D:6 |     499 |     175 |  26.0 |      15 |       1 |   6.2
        D:7 |    1068 |    1007 |  48.5 |      29 |       1 |   3.3
        D:8 |    1436 |       0 |   0.0 |      32 |       0 |   0.0
        D:9 |    2200 |     555 |  20.1 |      17 |       7 |  29.2
       D:10 |    4106 |       0 |   0.0 |      32 |       0 |   0.0
       D:11 |    4589 |    1469 |  24.2 |      28 |       5 |  15.2
       D:12 |     120 |       0 |   0.0 |       2 |       0 |   0.0
     Lair:1 |    3725 |     990 |  21.0 |      16 |       3 |  15.8
     Lair:2 |    5164 |       0 |   0.0 |      23 |       0 |   0.0
     Lair:3 |    5265 |    4004 |  43.2 |      21 |      43 |  67.2
     Lair:4 |    4463 |    1406 |  24.0 |      13 |      13 |  50.0
     Lair:5 |    3097 |    2565 |  45.3 |      15 |       7 |  31.8
     Lair:6 |       0 |    1149 | 100.0 |       0 |       2 | 100.0
    Ossuary |       0 |     179 | 100.0 |       0 |      12 | 100.0
            +---------+---------+-------+---------+---------+-------
